 Dungeon Crawl Stone Soup version 0.18.1-5-g4a78601 (webtiles) character file.

539 namelastname112 the Sneak (level 7, -5/88 HPs)
             Began as a Green Draconian Assassin on May 11, 2016.
             Was an Initiate of Gozag.
             Slain by Menkaure (7 damage)
             ... on level 4 of the Dungeon.
             The game lasted 00:08:58 (5508 turns).

namelastname112 the Sneak (DrAs)                    Turns: 5508, Time: 00:08:59

Health: -5/88      AC: 23    Str: 11    XL:     7   Next: 5%
Magic:  7/7        EV:  2    Int: 12    God:    Gozag
Gold:   562        SH:  0    Dex: 14    Spells: 0 memorised, 6 levels left

rFire  . . .     SeeInvis .     (no weapon)
rCold  . . .     Gourm    .     (armour unavailable)
rNeg   + + +     Faith    .     (no shield)
rPois  +         Spirit   .     (helmet currently unavailable)
rElec  .         Dismiss  .     (cloak currently unavailable)
rCorr  +         Reflect  .     (gloves currently unavailable)
SustAt .         Harm     .     (boots currently unavailable)
MR     .....     NoTele   +     (no amulet)
Stlth  ++++......               s - ring of resist corrosion
                                j - -2 ring of strength (curse)

@: lethally poisoned (-5 -> -6), exhausted, tree-form, slowed, very slow, not
resistant to hostile enchantments, stealthy
A: (breathe noxious fumes), unfitting armour, (poison resistance),
(cold-blooded), AC +6
a: Potion Petition, Call Merchant, Bribe Branch, Renounce Religion


You were on level 4 of the Dungeon.
You worshipped Gozag.
Gozag was noncommittal.
You were not hungry.
You were a tree.
You visited 1 branch of the dungeon, and saw 4 of its levels.

You collected 594 gold pieces.
You paid 32 gold pieces to Gozag.

Inventory:

Hand Weapons
 a - a +2 dagger
 b - a +0 blowgun
Armour
 c - a +0 cloak (melded)
 p - a +0 pair of gloves
Jewellery
 j - a cursed -2 ring of strength (left branch)
 s - a ring of resist corrosion (right branch)
Scrolls
 g - 2 scrolls of enchant weapon {unknown}
 h - 2 scrolls of noise {unknown}
 i - 9 scrolls of identify {unknown}
 m - 2 scrolls of recharging {unknown}
 q - 3 scrolls of fog {unknown}
 u - 2 scrolls of blinking {unknown}
 v - 2 scrolls of remove curse {unknown}
 y - a scroll of magic mapping {unknown}
Potions
 k - a potion of cancellation {unknown}
 l - 2 potions of lignification
 n - a potion of degeneration {unknown}
 o - 2 potions of haste
Comestibles
 f - 5 bread rations


   Skills:
 + Level 4.0 Fighting
 * Level 4.3 Short Blades
 + Level 3.1 Throwing
 + Level 2.4 Dodging
 * Level 5.2 Stealth


You had 6 spell levels left.
You didn't know any spells.

Dungeon Overview and Level Annotations

Branches:
Dungeon (4/15)
 Temple: D:4-7

Altars:
Ashenzari
Gozag
Makhleb
Nemelex Xobeh

Annotations:
D:4 Menkaure


Innate Abilities, Weirdness & Mutations

((You can breathe blasts of noxious fumes.))
((Your lurid green scales are hard (AC +6).))
Your body does not fit into most forms of armour.
((Your system is resistant to poisons.))
((You are cold-blooded and may be slowed by cold attacks.))


Message History

* * * LOW HITPOINT WARNING * * *
You take 9 damage, and have 20/88 hp.
You hit Menkaure.
Menkaure is severely damaged.
Menkaure hits you.
* * * LOW HITPOINT WARNING * * *
Menkaure hits you!
* * * LOW HITPOINT WARNING * * *
You take 12 damage, and have 8/88 hp.
You smack Menkaure!
Menkaure is almost destroyed.
You feel sick. Menkaure hits you.
* * * LOW HITPOINT WARNING * * *
Menkaure hits you but does no damage.
You take 7 damage, and have 1/88 hp.
You hit Menkaure but do no damage.
Menkaure is almost destroyed.
Menkaure hits you!
You die...
Your body crumbles into a pile of gold.

#............##
##..##......##
#.>##.[....#
##.###......#
##.## ##....##
##.## #..### #.
###)## #### # $
#...#..## #
#....)♣# #
#.....M# #
......... #
....(.##.. #
###### ##. ##
## #.# #. ##


You could see Menkaure.

Vanquished Creatures
  An ogre (D:4)
  2 hounds
  An orc priest (D:3)
  Crazy Yiuf (D:3)
  3 worker ants (D:4)
  An orc wizard (D:4)
  Robin (D:3)
  8 gnolls
  6 adders
  3 worms (D:2)
  A giant gecko (D:4)
  7 orcs
  5 bats
  2 giant cockroaches
  16 goblins
  12 hobgoblins
  6 jackals
  6 kobolds
  A ball python (D:2)
  4 giant newts
  5 rats
92 creatures vanquished.

Notes
Turn   | Place    | Note
--------------------------------------------------------------
     0 | D:1      | namelastname112 the Draconian Assassin began the quest for the Orb.
     0 | D:1      | Reached XP level 1. HP: 17/17 MP: 1/1
   317 | D:1      | Reached skill level 1 in Dodging
   357 | D:1      | Reached XP level 2. HP: 25/25 MP: 2/2
   389 | D:1      | Found a shattered altar of Ashenzari.
  1038 | D:2      | Reached XP level 3. HP: 28/30 MP: 3/3
  1164 | D:2      | Found an opulent altar of Gozag.
  1188 | D:2      | Reached skill level 4 in Stealth
  1196 | D:2      | Became a worshipper of Gozag Ym Sagoz the Greedy
  1630 | D:3      | Found a sparkling altar of Nemelex Xobeh.
  1669 | D:3      | Noticed Robin
  1882 | D:2      | Reached XP level 4. HP: 3/37 MP: 4/4
  2295 | D:3      | Killed Robin
  2461 | D:3      | Found a burning altar of Makhleb.
  2512 | D:3      | Noticed Crazy Yiuf
  2555 | D:3      | Killed Crazy Yiuf
  2899 | D:4      | Reached XP level 5. HP: 45/45 MP: 5/5
  2932 | D:3      | HP: 1/45 [orc/club (2)]
  3791 | D:4      | xeno23: бля
  3799 | D:4      | Noticed an ogre
  3844 | D:4      | Killed an ogre
  3844 | D:4      | Reached skill level 5 in Stealth
  3844 | D:4      | Reached XP level 6. HP: 36/51 MP: 6/6
  3845 | D:4      | namelastname112: че
  4079 | D:4      | xeno23: меня там гидры ОКРУЖИЛИ
  4095 | D:4      | namelastname112: сьмиголовые?
  4097 | D:4      | xeno23: а то
  4097 | D:4      | namelastname112: ивнинг пейна есть?
  4097 | D:4      | xeno23: щас майт выпиью
  4097 | D:4      | namelastname112: +12
  4097 | D:4      | xeno23: дам пизды им
  4097 | D:4      | namelastname112: дерево еще
  4097 | D:4      | namelastname112: не забудь
  4097 | D:4      | xeno23: лол
  5258 | D:4      | HP: 2/52 [poisoned by a worker ant]
  5263 | D:4      | HP: 1/52 [poisoned by a worker ant]
  5492 | D:4      | Your scales start taking on a lurid green colour.
  5492 | D:4      | Reached XP level 7. HP: 59/59 MP: 7/7
  5492 | D:4      | Gained mutation: Your system is resistant to poisons. [Green Draconian growth]
  5497 | D:4      | Noticed Menkaure
  5507 | D:4      | HP: 1/88 [Menkaure (6)]
  5508 | D:4      | Slain by Menkaure

Skill      XL: |  1  2  3  4  5  6 |
---------------+-------------------+-----
Dodging        | 1 2 |  2.4
Throwing       | 2 3 |  3.1
Stealth        | 4 5 |  5.2
Short Blades   | 3 4 |  4.3
Fighting       | 3 4 |  4.0

Action                   |  1- 3 |  4- 6 |  7- 9 || total
-------------------------+-------+-------+-------++-------
Melee: Dagger            |   134 |   317 |     3 ||   454
       Tailslap          |    18 |    31 |       ||    49
       Unarmed           |       |       |     5 ||     5
 Fire: Blowgun           |       |    31 |       ||    31
Throw: Javelin           |       |     5 |       ||     5
  Use: Potion            |       |     6 |     1 ||     7
 Stab: Sleeping          |     6 |     4 |       ||    10
       Invisible         |       |     1 |       ||     1
       Held in net/web   |       |     1 |       ||     1
  Eat: Chunk             |     2 |       |       ||     2
       Meat ration       |       |     2 |       ||     2
       Bread ration      |       |     1 |       ||     1
Armor: Skin              |    37 |   125 |     3 ||   165
Dodge: Dodged            |    71 |   235 |     2 ||   308
